 Dungeon Crawl Stone Soup version 0.32-a0-433-g08bcfe7efd (webtiles) character file.

Game seed: 15233123774219490355

38 ezpacito the Trooper (level 3, 0/29 HPs)
             Began as a Demonspawn Chaos Knight on Feb 22, 2024.
             Was a Plaything of Xom.
             Killed by divine providence
             ... invoked by an orc priest
              (11 damage)
             ... on level 3 of the Dungeon.
             The game lasted 00:01:42 (1146 turns).

ezpacito the Trooper (Demonspawn Chaos Knight)      Turns: 1146, Time: 00:01:42

Health: 0/29       AC:  6    Str: 13 (14) XL:     3   Next: 25%
Magic:  0/3        EV: 11    Int: 11 (12) God:    Xom [*.....]
Gold:   89         SH:  0    Dex: 11 (12) Spells: 2/2 levels left

rFire   . . .        a - +0 hand axe (chaos)
rCold   . . .        (no shield)
rNeg    . . .        b - +2 leather armour
rPois   .            (no helmet)
rElec   .            d - +0 cloak
rCorr   .            (no gloves)
SInv    .            (no boots)
Will    +....        (no amulet)
Stlth   +            i - ring of willpower
HPRegen 0.24/turn    (no ring)
MPRegen 0.16/turn

%: guardian spirit
@: brilliant
A: magic shield, magic regeneration
a: Renounce Religion


You were on level 3 of the Dungeon.
You worshipped Xom.
You were a special plaything of Xom.
You visited 1 branch of the dungeon, and saw 3 of its levels.

You collected 89 gold pieces.

Inventory:

Hand Weapons
 a - a +0 hand axe of chaos (weapon)
Missiles
 m - 2 poisoned darts (quivered)
 p - 2 boomerangs
Armour
 b - a +2 leather armour (worn)
 d - a +0 cloak (worn)
 h - a +0 chain mail
 k - a +0 plate armour
Jewellery
 i - a ring of willpower (left hand)
Scrolls
 e - 2 scrolls of vulnerability {unknown}
 g - a scroll of immolation {unknown}
 j - 3 scrolls of identify {unknown}
 l - 2 scrolls of teleportation {unknown}
 n - a scroll of fog {unknown}


   Skills:
 * Level 3.2 Fighting
 * Level 3.0 Axes
 + Level 0.0 Throwing
 * Level 2.1 Armour
 * Level 1.2 Dodging
 + Level 0.3 Stealth
 * Level 0.9 Unarmed Combat
 + Level 0.2 Spellcasting


You had 2 spell levels left.
You didn't know any spells.
Your spell library was empty.

Dungeon Overview and Level Annotations

Branches:
Dungeon (3/15)

Altars:


Innate Abilities, Weirdness & Mutations

When hurt, damage is shared between your health and your magic reserves.
You regenerate magic rapidly.


Message History

Magic restored.
You climb downwards.
The orc priest shouts!
The orc shouts!
Found a stone staircase leading up.
There is a stone staircase leading up here.
There are monsters nearby!
A quokka comes into view.
The ribbon worm expels a string of sticky webbing.
The stream of webbing hits you but does no damage.
You are caught in a web!
There is a web here.
It was a potion of degeneration.
There was something very wrong with that liquid.
You feel weakened.
You feel dopey.
You feel clumsy.
Xom thinks this is hilarious!
It was a potion of brilliance.
You feel clever all of a sudden.
Xom thinks this is hilarious!
A quokka comes into view.
The web tears apart.
The orc priest calls down the wrath of Beogh upon you.
Beogh smites you!
You hear a shout! x2
You barely miss the ribbon worm.
You hear a shout! x2
The ribbon worm bites you.
You hit the ribbon worm. You freeze the ribbon worm.
The ribbon worm is moderately wounded.
A goblin comes into view. It is wielding a +0 dagger.
The goblin shouts!
You hit the ribbon worm but do no damage.
The ribbon worm is poisoned.
The ribbon worm is moderately wounded.
You barely miss the quokka.
The quokka bites you but does no damage.
The ribbon worm barely misses you.
The orc priest invokes the aid of Beogh against you.
Beogh smites you!
You die...
Xom guffaws!

#########
#........
#........
#........ #.
#....r...
#...####r.......
#.ogow@.#
...g..####..#
.o.<. #..# ....
#.# ... .# .g #
.


You could see a ribbon worm (very poisoned), an orc priest, an orc, 2 quokkas, a
hobgoblin and a goblin.

Vanquished Creatures
  2 adders (D:2)
  A bat (D:1)
  An endoplasm (D:2)
  A goblin (D:1)
  A hobgoblin (D:1)
  4 quokkas
  3 ball pythons
  3 frilled lizards
  3 kobolds
19 creatures vanquished.

Notes
Turn   | Place    | Note
-------+----------+-------------------------------------------
     0 | D:1      | ezpacito the Demonspawn Chaos Knight began the quest for
                  | the Orb.
     0 | D:1      | Reached XP level 1. HP: 18/18 MP: 1/1
    25 | D:1      | XOM: divination: detect items
   134 | D:1      | Reached skill level 1 in Dodging
   284 | D:1      | Gained mutation: You regenerate magic rapidly. [demonic
                  | ancestry]
   284 | D:1      | Reached XP level 2. HP: 24/24 MP: 2/2
   483 | D:1      | XOM: silly message
   560 | D:1      | XOM: divination: magic mapping
  1025 | D:2      | Gained mutation: When hurt, damage is shared between your
                  | health and your magic reserves. [demonic ancestry]
  1025 | D:2      | Reached XP level 3. HP: 29/29 MP: 3/3
  1075 | D:2      | Found a faded altar of an unknown god.
  1120 | D:2      | XOM: summons 1 hostile demon
  1125 | D:2      | a white imp changed into a neqoxec
  1125 | D:2      | Noticed a neqoxec
  1125 | D:2      | XOM: polymorph white imp -> neqoxec
  1146 | D:3      | Killed from afar by an orc priest

Illustrated notes

Levels and vault maps discovered:
D:1:      amcnicky_arrival_gap_in_the_tavern_cellar, layout_loops_ring
D:2:      layout_basic, chequers_ecumenical_altar_simple
D:3:      layout_rooms

Skill      XL: |  1  2 |
---------------+-------+-----
Dodging        | 1 |  1.2
Armour         | 2 |  2.1
Axes           | 3 |  3.0
Fighting       | |  3.2
Stealth        | |  0.3
Unarmed Combat | |  0.9
Spellcasting   | |  0.2

Action                     || total
---------------------------++-------
  Melee: Hand axe          ||    79
    Use: Potion            ||     2
         Scroll            ||     1
   Stab: Sleeping          ||     2
 Armour: Leather armour    ||    44
  Dodge: Dodged            ||    57

Table legend: (Time is in decaauts)
 A = Elapsed time spent in this place.
 B = Non-inter-level travel time spent in this place.
 C = Inter-level travel time spent in this place.
 D = Time resting spent in this place.
 E = Time spent auto-exploring this place.
 F = Levels seen in this place.
 G = Mean time per level.
                   A        B        C        D        E       F      G
               +--------+--------+--------+--------+--------+-----+--------+
         Total |   1156 |   1097 |     59 |      0 |    873 |   3 |  385.3 |
       Dungeon |   1156 |   1097 |     59 |      0 |    873 |   3 |  385.3 |
               +--------+--------+--------+--------+--------+-----+--------+

Top non-repeatable levels by time:
     D:1: 724 daAuts
     D:2: 423 daAuts
     D:3: 8 daAuts
